← All builds
Suicide front / Cortex / Economy first / OBSERVED BUILD

Standard suicide front

Cortex Suicide front build order · Supreme Isthmus

The role's baseline economy-first play: fast Bot Lab, early Advanced Metal Extractor, and a Thug/Grunt/Aggravator mix pushed to hold the middle while teching up.

#raid #push · 1045 distinct matches · 183 players · 73% of Cortex Suicide front games · team won 57% of 1114 · Recently observed

HOW TO PLAY IT

Key timing: Bot Lab by 0:39

  1. Open 3 mex, then rush Bot Lab almost immediately.
  2. Finish Bot Lab and start pushing Thug, Grunt, Aggravator.
  3. Send units straight to middle to contest and stop leaks.
  4. Eat the Bot Lab for metal if 32% of games reach that point.
  5. Transition into Advanced Metal Extractor once middle is stable.

Phase by phase

TYPICAL OF ITS 1045 GAMES
  1. 1
  2. 2
  3. 3
PLAY THE OPENING

Follow the example game's first 6:00 step by step: what to build now, what comes next, and where it goes. At 1× it keeps pace with your own game.

  1. 1

    Up to the Bot Lab

    Economy
    • Metal Extractor2Mex
    Order
    1. Bot LabBot Lab after 2 mexdone ~0:37, middle half 0:27–0:45

    By 0:21 in all: 2 mex

    The example game in this phase · 2 steps
    1. Mex ×2
    2. Bot LabBot Labdone 0:34 · typical 0:37
  2. 2

    Bot Lab to 5:00

    Economy
    • Metal Extractor3Mex
    • Wind Turbine2Wind
    Builders
    • Graverobber4 Graverobber
    • Construction Bot3 Con bot
    Army
    • Guard3 Guard
    • Thug16 Thug
    • Grunt3 Grunt
    Other
    • Radar Tower1 Radar Tower

    Some games also: aggravator (38%) · con turret (30%)

    By 5:00 in all: 5 mex · 3 wind

    The example game in this phase · 31 steps
    1. Radar TowerRadar Tower
    2. GruntGrunt
    3. Mex
    4. GruntGrunt
    5. Wind ×2
    6. GraverobberGraverobber
    7. ThugThug ×5
    8. Construction BotCon bot
    9. ThugThug ×2
    10. GuardGuard
    11. ThugThug
    12. Mex
    13. ThugThug
    14. Radar TowerRadar Tower
    15. ThugThug
    16. Construction BotCon bot
    17. GuardGuard
    18. Construction BotCon bot
    19. GuardGuard
    20. Construction BotCon bot
    21. GuardGuard
    22. ThugThug
    23. GuardGuard
    24. ThugThug
    25. Mex
    26. ThugThug ×3
    27. GuardGuard
    28. GraverobberGraverobber
    29. GuardGuard
    30. ThugThug ×2
    31. GuardGuard
  3. 3

    5:00 to 10:00

    Economy
    • Metal Extractor1Mex
    • Wind Turbine12Wind
    Builders
    • Construction Turret1 Con turret
    • Graverobber3 Graverobber
    • Construction Bot1 Con bot
    Army
    • Guard1 Guard
    • Thug11 Thug
    • Grunt1 Grunt

    Some games also: aggravator (42%) · Radar Tower (39%) · energy storage (37%) · Twin Guard (31%)

    By 10:00 in all: 6 mex · 16 wind · 2 con turret

    The example game in this phase · 72 steps
    1. ThugThug ×4
    2. GraverobberGraverobber
    3. ThugThug
    4. Con turret
    5. ThugThug ×3
    6. AggravatorAggravator
    7. ThugThug ×3
    8. Wind
    9. Converter
    10. ThugThug
    11. Wind
    12. ThugThug ×2
    13. Converter
    14. Wind
    15. ThugThug
    16. Con turret
    17. GraverobberGraverobber
    18. Wind
    19. Energy storage
    20. ThugThug
    21. Wind
    22. ThugThug ×2
    23. Wind
    24. Advanced Metal ExtractorT2 mexdone 9:50 · typical 9:59
    25. ThugThug
    26. Wind
    27. ThugThug
    28. GraverobberGraverobber
    29. Wind
    30. GraverobberGraverobber
    31. GruntGrunt ×3
    32. Wind
    33. Twin GuardTwin Guard
    34. GruntGrunt
    35. Wind
    36. GruntGrunt
    37. Advanced Metal ExtractorT2 mex
    38. GruntGrunt
    39. Wind
    40. GruntGrunt ×2
    41. Wind
    42. GruntGrunt ×2
    43. Wind
    44. GruntGrunt
    45. Twin GuardTwin Guard
    46. GruntGrunt ×2
    47. Wind
    48. GruntGrunt ×2
    49. Wind
    50. GruntGrunt
    51. Advanced Metal ExtractorT2 mex
    52. GruntGrunt
    53. Wind
    54. GruntGrunt ×3
    55. Wind
    56. GraverobberGraverobber
    57. GruntGrunt ×3
    58. Con turret
    59. GruntGrunt ×5
    60. Twin GuardTwin Guard
    61. GruntGrunt ×5
    62. Mex
    63. GruntGrunt ×7
    64. RattlesnakeRattlesnakenot finished by 15:00
    65. GraverobberGraverobber
    66. GruntGrunt ×2
    67. Twin GuardTwin Guard
    68. GruntGrunt ×18
    69. GraverobberGraverobber
    70. GruntGrunt ×7
    71. Con turret
    72. GruntGrunt ×9

Counts are medians over the build's games: half of them build more, half fewer. The example game is Ubilosis's (30 OS, 01/10/2026); pick another.

Team trades

IN AT LEAST 30% OF ITS GAMES

You hand over

Nothing regular.

You get

  • Tidal Generator4 Tidal from Pondfirst at 0:11 · in 69% of games
  • Advanced Construction Bot1 T2 con bot from Geo or Techfirst at 7:45 · in 55% of games

How it plays out

Typical game of this build, running totals by minute

Metal produced

010k20k
0:005:0010:0015:00

metal

Enemy metal destroyed

05k10k
0:005:0010:0015:00

metal

Own metal lost

05k10k
0:005:0010:0015:00

metal

1114 games.

Show as table
ByMetal produced: This buildEnemy metal destroyed: This buildOwn metal lost: This build
1:0033000
2:0094400
3:002036216172
4:003125732630
5:00427915411402
6:00546325172340
7:00663736383327
8:00782845684355
9:00894152995258
10:001020960156154
11:001156765596930
12:001313870187728
13:001475177538384
14:001637883418911
15:001776589649563
WHAT THE NUMBERS SAY

This baseline wins more often than most other roles' standard builds, with early aggression showing in high kills and losses alike.

  • + Team wins 54% of games, best winrate among the roles shown.
  • + First kill lands very early at 2:07 in all games.
  • − Own metal lost is heavy early, 1439 by 5:00.
  • − Enemy destroyed stays close to own losses through 15:00, a costly front.
THE EXAMPLE YOU ARE READING

Ubilosis

30.3 OS · 01/10/2026

Open source match ↗

5 received units · includes a constructor
258 metal received · 18827 energy received

Allied construction assistance is unknown. Timings are observations, not a promise of solo reproducibility.

Typical milestones

Bot Lab0:37Middle 50%: 0:27–0:45 · n=1108
Advanced Metal Extractor9:59Middle 50%: 9:00–11:14 · n=696

Played most by

XXMACGAMERXX134games of this build_Hawkey_70games of this build_X_61games of this buildrealisticjo52games of this buildAbyssFalcon46games of this build